 Dungeon Crawl Stone Soup version 0.19.4-12-gccf7e64 (webtiles) character file.

253 vatarom the Vexing (level 6, -3/35 HPs)
             Began as a Kobold Enchanter on Feb 26, 2017.
             Slain by an orc
             ... wielding a +0 mace
              (6 damage)
             ... on level 3 of the Dungeon.
             The game lasted 00:09:11 (4078 turns).

vatarom the Vexing (Kobold Enchanter)               Turns: 4078, Time: 00:09:12

Health: -3/35      AC:  3    Str:  7    XL:     6   Next: 37%
Magic:  0/9        EV: 20    Int: 16    God:
Gold:   98         SH:  0    Dex: 23    Spells: 3 memorised, 3 levels left

rFire  . . .     SeeInvis .     a - +2 dagger
rCold  . . .     Gourm    .     j - +0 leather armour
rNeg   . . .     Faith    .     (shield restricted)
rPois  .         Spirit   .     (no helmet)
rElec  .         Reflect  .     (no cloak)
rCorr  .         Harm     .     (no gloves)
MR     .....                    (no boots)
Stlth  ++++......               (no amulet)
                                (no ring)
                                (no ring)

@: agile
A: hooves 1, agile 1, carnivore 3
a: no special abilities


You were on level 3 of the Dungeon.
You were very full.

You visited 1 branch of the dungeon, and saw 3 of its levels.

You collected 98 gold pieces.

Inventory:

Hand Weapons
 a - a +2 dagger (weapon)
Armour
 b - a +1 robe
 j - a +0 leather armour (worn)
Wands
 m - a wand of paralysis (17/24)
Scrolls
 e - a scroll of teleportation
 i - a scroll of remove curse
Potions
 k - a potion of flight
Books
 c - a book of Maledictions

   Spells                             Type                      Level
   a - Corona                         Hexes                        1
   b - Ensorcelled Hibernation        Hexes/Ice                    2
   c - Confuse                        Hexes                        3
   d - Tukima's Dance                 Hexes                        3
   e - Dazzling Spray                 Conjuration/Hexes            3
Comestibles
 d - a meat ration
 f - 7 chunks of flesh
 h - a royal jelly


   Skills:
 - Level 1.8 Fighting
 + Level 4.0 Short Blades
 - Level 2.3 Armour
 - Level 2.4 Dodging
 - Level 4.0 Stealth
 - Level 2.1 Spellcasting
 + Level 4.6 Hexes


You had 3 spell levels left.
You knew the following spells:

 Your Spells              Type           Power        Failure   Level  Hunger
a - Corona                Hex            ###....      6%          1    #......
b - Ensorcelled Hibernat  Hex/Ice        #.....       21%         2    ###....
c - Confuse               Hex            ###.....     14%         3    ###....


Dungeon Overview and Level Annotations

Branches:
Dungeon (3/15)

Altars:


Innate Abilities, Weirdness & Mutations

You are small and have problems with some larger weapons.
You are carnivorous and can eat meat at any time.
You have large cloven feet.
You are agile. (Dex +2)


Message History

You hit the orc wizard but do no damage.
The orc wizard is almost dead.
The orc wizard hits you with a dagger.
* * * LOW HITPOINT WARNING * * *
You hit the orc wizard.
You kill the orc wizard!
Your Short Blades skill increases to level 4!
You hit the orc.
The orc is lightly wounded.
The orc closely misses you.
You hit the orc.
The orc is heavily wounded.
You hit the orc but do no damage.
The orc is heavily wounded.
The orc hits you with a mace.
* * * LOW HITPOINT WARNING * * *
You hit the orc.
The orc is almost dead.
The orc hits you with a mace.
You die...

######## # #o.
........ .. ##.##
.. .#######
#.##...###.... ##
#.............
####...#####..
##.S# ##o# #o# ###
#@# ##.## #.#
##...###.##
#########.........#
#........).....)###
#.###...###.###.###
#.#.......#.#.....#
#.#...........#.###
#.#.......#.....#


You could see an adder and 2 orcs.

Vanquished Creatures
  2 orc wizards (D:3)
  Ijyb (D:2)
  4 gnolls
  5 adders
  A worm (D:2)
  3 dart slugs
  3 leopard geckos
  2 orcs (D:3)
  5 giant cockroaches
  6 hobgoblins
  14 jackals
  2 ball pythons
  6 bats
  5 frilled lizards
  9 goblins
  7 kobolds
  6 rats
81 creatures vanquished.

Notes
Turn   | Place    | Note
-------+----------+-------------------------------------------
     0 | D:1      | vatarom the Kobold Enchanter began the quest for the Orb.
     0 | D:1      | Reached XP level 1. HP: 10/10 MP: 3/3
   190 | D:1      | Reached XP level 2. HP: 7/16 MP: 3/5
   211 | D:1      | Learned a level 2 spell: Ensorcelled Hibernation
   421 | D:1      | Reached skill level 1 in Fighting
   631 | D:1      | Reached XP level 3. HP: 16/20 MP: 6/6
  1299 | D:1      | Reached XP level 4. HP: 17/26 MP: 1/7
  1413 | D:1      | HP: 1/26 [gnoll/whip (8)]
  1418 | D:1      | Reached skill level 1 in Armour
  1718 | D:1      | Gained mutation: You have large cloven feet. [potion of mutation]
  1718 | D:1      | Gained mutation: You are agile. (Dex +2) [potion of mutation]
  1859 | D:2      | Learned a level 3 spell: Confuse
  2309 | D:2      | Noticed Ijyb
  2336 | D:2      | Killed Ijyb
  2336 | D:2      | Reached XP level 5. HP: 28/30 MP: 3/8
  3852 | D:3      | Reached XP level 6. HP: 33/35 MP: 9/9
  4078 | D:3      | Slain by an orc

Skill      XL: |  1  2  3  4  5  6 |
---------------+-------------------+-----
Fighting       | 1 |  1.8
Hexes          | 4 |  4.6
Armour         | 2 |  2.3
Short Blades   | 3 4 |  4.0
Dodging        | |  2.4
Stealth        | |  4.0
Spellcasting   | |  2.1

Action                   |  1- 3 |  4- 6 || total
-------------------------+-------+-------++-------
Melee: Dagger            |   155 |   276 ||   431
       Kick              |       |    60 ||    60
 Cast: Corona            |     8 |     3 ||    11
       Ensorcelled Hiber |     5 |    15 ||    20
       Confuse           |       |     7 ||     7
  Use: Potion            |     2 |     7 ||     9
       Scroll            |     1 |     3 ||     4
 Stab: Sleeping          |     4 |    14 ||    18
  Eat: Chunk             |     8 |    13 ||    21
Armor: Robe              |    32 |       ||    32
       Leather armour    |       |    35 ||    35
       Skin              |       |     8 ||     8
Dodge: Dodged            |   131 |   166 ||   297
